 Dungeon Sprint DCSS version 0.22.1-2-g9c5b331383 (webtiles) character file.

455 Groucho the Grappler (level 6, 0/47 HPs)
             Began as a Minotaur Transmuter on Dec 19, 2018.
             Was a Priest of Cheibriados.
             Slain by a centaur warrior (5 damage)
             ... in the Dungeon (Sprint IX: "|||||||||||||||||||||||||||||").
             The game lasted 00:01:51 (580 turns).

Groucho the Grappler (Minotaur Transmuter)           Turns: 580, Time: 00:01:52

Health: 0/47       AC:  3    Str: 27    XL:     6   Next: 76%
Magic:  11/12      EV: 13    Int: 18    God:    Cheibriados [***...]
Gold:   0          SH:  0    Dex: 19    Spells: 14/15 levels left

rFire    . . .     SeeInvis .     - Unarmed
rCold    . . .     Gourm    .   (no shield)
rNeg     . . .     Faith    .   b - +0 robe
rPois    .         Spirit   .   (helmet restricted)
rElec    .         Reflect  .   m - +0 cloak
rCorr    .         Harm     .   (no gloves)
MR       .....     NoTele   +   (boots currently unavailable)
Stlth    ++........             (no amulet)
HPRegen  0.15/turn              o - +3 ring of strength
MPRegen  0.13/turn              p - +3 ring of strength

@: appendage, very slow
A: retaliatory headbutt, horns 2, talons 3
a: End Transformation, Bend Time, Temporal Distortion, Renounce Religion


You were in the Dungeon.
You worshipped Cheibriados.
Cheibriados was most pleased with you.
You were not hungry.
You had grown temporary talons.
You visited 1 branch

Inventory:

Hand Weapons
 q - a +1 broad axe of chopping
 r - a +2 halberd of protection
 s - a +2 morningstar of crushing
 t - a +2 rapier of electrocution
 u - a +2 scimitar of flaming
Missiles
 a - 12 arrows
Armour
 b - a +0 robe (worn)
 m - a +0 cloak (worn)
 n - a +1 chain mail
Jewellery
 o - a +3 ring of strength (left hand)
 p - a +3 ring of strength (right hand)
Wands
 l - a wand of iceblast (10)
Scrolls
 i - 3 scrolls of remove curse
 j - 2 scrolls of blinking
 k - 2 scrolls of amnesia
Potions
 c - a potion of invisibility
 e - 5 potions of curing
 f - 2 potions of heal wounds
 g - a potion of haste
 h - 4 potions of magic
Comestibles
 d - a ration


   Skills:
 - Level 1.2 Fighting
 - Level 2.1 Dodging
 + Level 10.1 Unarmed Combat
 + Level 5.2 Spellcasting
 + Level 6.3 Transmutations
 + Level 5.1 Invocations


You had 14 spell levels left.
You knew the following spells:

 Your Spells              Type           Power        Failure   Level  Hunger
a - Beastly Appendage     Tmut           ####..       1%          1    None

Your spell library contained the following spells:

 Spells                   Type           Power        Failure   Level  Hunger
 Sticks to Snakes         Tmut           ####....     1%          2    #......
 Spider Form              Tmut/Pois      ###.......   11%         3    ##.....
 Blade Hands              Tmut           ####......   26%         5    ######.
 Ice Form                 Ice/Tmut       ###.....     34%         4    ####...


Dungeon Overview and Level Annotations

Branches:
Dungeon (1/1)

Altars:
Cheibriados
Dithmenos
Elyvilon
Fedhas
Gozag
Hepliaklqana
Kikubaaqudgha
Makhleb
Nemelex Xobeh
Okawaru
Qazlal
Ru
Sif Muna
Trog
Uskayaw
Vehumet
Wu Jian
Xom
Yredelemnul
Zin
The Shining One
Beogh
Jiyva
Lugonu


Innate Abilities, Weirdness & Mutations

You reflexively headbutt those who attack you in melee.
You have a pair of horns on your head.
You have claws for feet.


Message History

The centaur warrior shouts!
You hit the shadow imp but do no damage.
You headbutt the shadow imp. You punch the shadow imp.
The shadow imp is moderately wounded.
The shadow imp misses you.
You punch the shadow imp!
You kill the shadow imp!
Cheibriados appreciates the change of pace.
The centaur warrior wields a shortbow.
The centaur warrior shoots an arrow.
The arrow hits you!!
Ouch! That really hurt!
Unknown command.
Casting: Beastly Appendage (safe; 1% risk of failure)
Confirm with . or Enter, or press ? or * to list all spells.
Your feet morph into talons.
The centaur warrior shoots an arrow.
The arrow hits you!!
* * * LOW HITPOINT WARNING * * *
The centaur warrior unwields an uncursed shortbow.
The centaur warrior hits you.
You die... ▓▓▓▓▓▓▓▓▓▓▓▓▓▓▓▓▓▓▓▓▓▓▓▓ +.aWzuc@(.....)...[.)|.. ▓▓▓▓▓▓▓▓▓▓▓▓▓▓▓▓▓▓▓▓▓▓▓▓

You could see a purple ugly thing, a skeletal warrior, a centaur warrior, a hungry ghost and a worker ant.

Vanquished Creatures
  An orc warrior (D)
  2 bullfrogs (D)
  A killer bee (D)
  A wight (D)
  2 crimson imps (D)
  An iguana (D)
  A worker ant (D)
  2 adders (D)
  A shadow imp (D)
  A dart slug (D)
  A goblin (D)
  A hobgoblin (D)
  A kobold (D)
  A rat (D)
17 creatures vanquished.

Notes
Turn   | Place    | Note
-------+----------+-------------------------------------------
     0 | D        | Groucho the Minotaur Transmuter began the quest for the
                  | Orb.
     0 | D        | Reached XP level 1. HP: 16/16 MP: 1/1
     7 | D        | Reached skill level 4 in Unarmed Combat
   203 | D        | Noticed an iguana
   203 | D        | Noticed a worker ant
   203 | D        | Noticed a crimson imp
   203 | D        | Noticed a crimson imp
   209 | D        | Killed a crimson imp
   209 | D        | Reached skill level 6 in Unarmed Combat
   209 | D        | Reached XP level 2. HP: 23/23 MP: 2/4
   209 | D        | Reached XP level 3. HP: 28/28 MP: 2/5
   213 | D        | Reached skill level 7 in Unarmed Combat
   213 | D        | Reached XP level 4. HP: 35/35 MP: 2/7
   219 | D        | Reached skill level 8 in Unarmed Combat
   365 | D        | Found a roughly hewn altar of Beogh.
   365 | D        | Found a snail-covered altar of Cheibriados.
   365 | D        | Found a shadowy altar of Dithmenos.
   365 | D        | Found a white marble altar of Elyvilon.
   365 | D        | Found a blossoming altar of Fedhas.
   365 | D        | Found an opulent altar of Gozag.
   366 | D        | Found a hazy altar of Hepliaklqana.
   367 | D        | Found a viscous altar of Jiyva.
   368 | D        | Found an ancient bone altar of Kikubaaqudgha.
   369 | D        | Became a worshipper of Cheibriados the Contemplative
   370 | D        | Found a corrupted altar of Lugonu.
   371 | D        | Found a burning altar of Makhleb.
   372 | D        | Found a sparkling altar of Nemelex Xobeh.
   373 | D        | Found an iron altar of Okawaru.
   374 | D        | Found a stormy altar of Qazlal.
   375 | D        | Found a sacrificial altar of Ru.
   376 | D        | Found a deep blue altar of Sif Muna.
   377 | D        | Found a bloodstained altar of Trog.
   378 | D        | Found a hide-covered altar of Uskayaw.
   379 | D        | Found a radiant altar of Vehumet.
   380 | D        | Found an ornate altar of the Wu Jian Council.
   381 | D        | Found a shimmering altar of Xom.
   382 | D        | Found a basalt altar of Yredelemnul.
   383 | D        | Found a glowing silver altar of Zin.
   384 | D        | Found a glowing golden altar of the Shining One.
   428 | D        | Noticed a bullfrog
   428 | D        | Noticed an orc warrior
   428 | D        | Noticed a bullfrog
   432 | D        | Killed a bullfrog
   432 | D        | Reached XP level 5. HP: 21/40 MP: 7/10
   434 | D        | Reached * piety under Cheibriados
   434 | D        | Reached skill level 9 in Unarmed Combat
   434 | D        | Reached skill level 5 in Transmutations
   436 | D        | Reached ** piety under Cheibriados
   440 | D        | Killed an orc warrior
   440 | D        | Reached XP level 6. HP: 42/47 MP: 8/12
   442 | D        | Reached *** piety under Cheibriados
   442 | D        | Reached skill level 10 in Unarmed Combat
   442 | D        | Reached skill level 5 in Spellcasting
   444 | D        | Reached skill level 5 in Invocations
   575 | D        | Noticed a hungry ghost
   575 | D        | Noticed a skeletal warrior
   575 | D        | Noticed a purple ugly thing
   575 | D        | Noticed a centaur warrior
   580 | D        | Slain by a centaur warrior

Skill      XL: |  1  2  3  4  5  6 |
---------------+-------------------+-----
Unarmed Combat | 6 7 8 9 10 | 10.1
Transmutations | 3 4 5 6 |  6.3
Spellcasting   | 2 3 4 5 |  5.2
Invocations    | 2 4 5 |  5.1
Fighting       | |  1.2
Dodging        | |  2.1

Action                   |  1- 3 |  4- 6 || total
-------------------------+-------+-------++-------
Melee: Unarmed           |    16 |    23 ||    39
       Headbutt          |     2 |     3 ||     5
       Punch             |       |     4 ||     4
       Kick              |       |     5 ||     5
 Cast: Beastly Appendage |       |     2 ||     2
  Use: Potion            |     1 |     1 ||     2
Armor: Robe              |     4 |       ||     4
Dodge: Dodged            |     7 |    12 ||    19
